 Dungeon Crawl Stone Soup version 0.30-a0-234-g97d66968fd (webtiles) character file.

Game seed: 4036294277688693018

315 qw the Chopper (level 6, -2/38 HPs)
             Began as a Gargoyle Fighter on Oct 9, 2022.
             Slain by an orc
             ... wielding a +0 flail
              (6 damage)
             ... on level 3 of the Dungeon.
             The game lasted 00:00:49 (1827 turns).

qw the Chopper (Gargoyle Fighter)                   Turns: 1827, Time: 00:00:50

Health: -2/38      AC: 11    Str: 21    XL:     6   Next: 43%
Magic:  6/6        EV:  9    Int:  9    God:
Gold:   181        SH:  4    Dex:  9    Spells: 5/5 levels left

rFire   . . .      SeeInvis .    Y - +0 war axe
rCold   . . .      Faith    .    c - +0 buckler
rNeg    + . .      Spirit   .    b - +0 scale mail
rPois   inf        Reflect  .    (no helmet)
rElec   +          Harm     .    (no cloak)
rCorr   .          Rampage  .    (no gloves)
Will    .....                    (no boots)
Stlth   ..........               (no amulet)
HPRegen 0.26/turn                (no ring)
MPRegen 0.10/turn                (no ring)

@: no status effects
A: sickness immunity, AC +4, negative energy resistance 1, electricity
resistance, torment resistance 1, petrification resistance
a: no special abilities


You were on level 3 of the Dungeon.
You visited 1 branch of the dungeon, and saw 3 of its levels.

You collected 181 gold pieces.


Innate Abilities, Weirdness & Mutations

You are immune to sickness and miasma.
Your stone body is resilient. (AC +4)
You are immune to poison.
You resist negative energy. (rN+)
You are resistant to electric shocks. (rElec)
You are resistant to unholy torment.
You are immune to petrification.


   Skills:
 - Level 4.0 Fighting
 - Level 5.6 Axes
 - Level 3.2 Armour
 + Level 0.5 Dodging
 - Level 3.2 Shields


You had 5 spell levels left.
You didn't know any spells.
Your spell library was empty.

Inventory:

Hand Weapons
 j - a +0 flail
 Y - a +0 war axe (weapon)
Armour
 b - a +0 scale mail (worn)
 c - a +0 buckler (worn)
 h - a +0 scale mail of fire resistance
Scrolls
 m - a scroll of identify {unknown}
Potions
 a - a potion of brilliance {unknown}
 d - a potion of might
 e - a potion of attraction {unknown}
 f - a potion of cancellation {unknown}
 g - a potion of flight {unknown}
 i - a potion of lignification {unknown}
 k - a potion of heal wounds {unknown}
 l - a potion of curing {unknown}

Dungeon Overview and Level Annotations

Branches:
Dungeon (3/15)

Altars:


Message History

Something hits you.
You hear some strange, mumbled words.
You are confused.
The orc wizard hits you but does no damage.
You closely miss the orc wizard.
The orc wizard is heavily wounded.
You barely miss the orc. The orc barely misses you.
The orc wizard closely misses you.
An orc comes into view. It is wielding a +0 hand axe.
The orc attacks as you move away! The orc barely misses you.
An orc comes into view. It is wielding a +0 flail.
The orc shouts! x2
The orc hits you but does no damage.
The orc wizard casts a spell.
The orc wizard flickers and vanishes!
You slash the orc!
You kill the orc!
You hit the orc. The orc misses you. The orc barely misses you.
The orc hits you but does no damage. Something hits you.
The orc attacks as you move away! The orc hits you with a +0 short sword.
Something hits you.
You feel less confused.
You hear some strange, mumbled words.
A puff of flame appears from out of thin air!
The puff of flame hits you! The orc closely misses you.
You closely miss the orc.
The orc is heavily wounded.
You hit the orc. You barely miss the orc. The orc hits you but does no damage.
The orc barely misses you.
You barely miss the orc.
The orc is severely wounded.
You barely miss something. You barely miss the orc.
The orc hits you but does no damage. The orc hits you with a +0 flail.
You slash the orc!
You kill the orc!
You closely miss something. You closely miss the orc. You hit the orc.
You kill the orc!
The orc hits you with a +0 flail.
You die...

#.### #............#####.#
#...#####.#........#####.#
###...###.#...............
###..##.#........#####.. #.
##.##.#........# ##... .#..
#.#..###......###....
....#########.....##..........#.#
...............)>.##....^.#.##..#
##.........##.).@.##........#....
......#......##o).....#%(####....
#.....#...........##..# #....
##.%..#.#.........##..## #....
.).?...))............###..###....
..........#................##..>.
....##..#..#.....)..........#...%
... #...#.#.........##..........
.. .... ...... #.# #..#..#####


You could see an orc.

Vanquished Creatures
  Sigmund (D:2)
  Terence (D:2)
  4 adders
  3 gnolls (D:3)
  A worm (D:2)
  A dart slug (D:2)
  5 orcs (D:3)
  5 endoplasms
  A giant cockroach (D:1)
  7 hobgoblins
  2 jackals (D:1)
  A quokka (D:1)
  5 ball pythons
  2 bats
  4 frilled lizards
  3 kobolds
  5 rats
51 creatures vanquished.

Notes
Turn   | Place    | Note
-------+----------+-------------------------------------------
     0 | D:1      | qw the Gargoyle Fighter began the quest for the Orb.
     0 | D:1      | Reached XP level 1. HP: 14/14 MP: 1/1
     0 | D:1      | 0 ||| qw: Version: 0.2-a-17-g06abaee
     0 | D:1      | 0 ||| qw: Game counter: 2337
     0 | D:1      | 0 ||| qw: Always use a shield: true
     0 | D:1      | 0 ||| qw: God list: Okawaru
     0 | D:1      | 0 ||| qw: Allow faded altars: false
     0 | D:1      | 0 ||| qw: Do Orc after D:15 true
     0 | D:1      | 0 ||| qw: Do second Lair branch before Depths: true
     0 | D:1      | 0 ||| qw: Lair rune preference: random
     0 | D:1      | 0 ||| qw: Plans: Normal, Zot:1-4, God:TSO, Crypt, Tomb,
                  | Pan, Slime:5, Hells, Abyss, Orb
     0 | D:1      | 0 ||| PLANNING D:1-11
    14 | D:1      | You fall into a shaft and drop 1 floor!
    84 | D:2      | Reached skill level 2 in Axes
   129 | D:2      | Reached XP level 2. HP: 13/19 MP: 2/2
   175 | D:2      | Reached skill level 3 in Axes
   209 | D:2      | 209 ||| READING scroll labelled BACUYTAQOR.
   241 | D:1      | Reached XP level 3. HP: 21/23 MP: 3/3
   336 | D:1      | 336 ||| Stepping ~*~*~tactically~*~*~ (stealth).
   355 | D:1      | 355 ||| Stepping ~*~*~tactically~*~*~ (stealth).
   356 | D:1      | 356 ||| Stepping ~*~*~tactically~*~*~ (stealth).
   357 | D:1      | 357 ||| Stepping ~*~*~tactically~*~*~ (stealth).
   835 | D:1      | 835 ||| DROPPING orb of guile.
   836 | D:1      | 836 ||| READING scroll labelled MOISED JOYFUN.
   837 | D:1      | 837 ||| READING scroll labelled NAON XUMOS.
   838 | D:1      | 838 ||| DRINKING 2 viscous black potions.
   839 | D:1      | 839 ||| DROPPING potion of magic.
   895 | D:2      | 895 ||| Stepping ~*~*~tactically~*~*~ (stealth).
   905 | D:2      | Reached XP level 4. HP: 26/28 MP: 4/4
   909 | D:2      | 909 ||| Stepping ~*~*~tactically~*~*~ (stealth).
   952 | D:2      | Noticed Sigmund
   973 | D:2      | Killed Sigmund
   974 | D:2      | Reached skill level 5 in Axes
   974 | D:2      | Reached XP level 5. HP: 24/32 MP: 5/5
   974 | D:2      | Reached XP level 6. HP: 28/37 MP: 6/6
  1282 | D:2      | Noticed Terence
  1290 | D:2      | Killed Terence
  1575 | D:3      | 1575 ||| Stepping ~*~*~tactically~*~*~ (stealth).
  1690 | D:3      | 1690 ||| DROPPING +0 whip of venom.
  1812 | D:3      | 1812 ||| FLEEEEING.
  1814 | D:3      | 1814 ||| FLEEEEING.
  1815 | D:3      | 1815 ||| FLEEEEING.
  1824 | D:3      | HP: 6/38 [something/puff of flame (10)]
  1827 | D:3      | Slain by an orc

Levels and vault maps discovered:
D:1:      mushboom_english_gardens, layout_rooms, kennysheep_another_room,
          wad_floor_pattern_2, patterned_corridor
D:2:      layout_basic, serial_rivers, chequers_serial_rivers_small_3,
          chequers_serial_rivers_marsh, chequers_serial_rivers_small_b,
          chequers_serial_rivers_small_3, chequers_serial_rivers_room_b,
          uniq_sigmund, uniq_terence
D:3:      layout_rooms, serial_glass, glass_columns_a, glass_columns_b

Skill      XL: |  1  2  3  4  5  6 |
---------------+-------------------+-----
Axes           | 2 3 5 |  5.6
Fighting       | 4 |  4.0
Armour         | |  3.2
Dodging        | |  0.5
Shields        | |  3.2

Action                   |  1- 3 |  4- 6 || total
-------------------------+-------+-------++-------
Melee: War axe           |    93 |    79 ||   172
  Use: Scroll            |     3 |       ||     3
       Potion            |     1 |       ||     1
Armor: Scale mail        |    51 |    68 ||   119
Dodge: Dodged            |    45 |    39 ||    84
Block: Buckler           |    14 |    12 ||    26

Table legend:
 A = Non-vault XP
 B = Vault XP
 C = Vault XP percentage of total XP
 D = Non-vault monster count
 E = Vault monster count
 F = Vault count percentage of total count
                 A         B        C        D         E       F
            +---------+---------+-------+---------+---------+-------
      Total |     177 |     279 |  61.2 |      49 |       2 |   3.9
            +---------+---------+-------+---------+---------+-------
        D:1 |      33 |       0 |   0.0 |      19 |       0 |   0.0
        D:2 |      64 |     279 |  81.3 |      15 |       2 |  11.8
        D:3 |      80 |       0 |   0.0 |      15 |       0 |   0.0
            +---------+---------+-------+---------+---------+-------
